 Dungeon Crawl Stone Soup version 0.28-a0-919-g0b5b508569 (webtiles) character file.

Game seed: 7231832513322666792

56 siradein the Charlatan (level 3, 0/27 HPs)
             Began as a Demonspawn Artificer on Nov 25, 2021.
             Succumbed to an adder's poison
             ... on level 2 of the Dungeon.
             The game lasted 00:02:44 (1608 turns).

siradein the Charlatan (Demonspawn Artificer)       Turns: 1608, Time: 00:02:45

Health: 0/27       AC:  5    Str: 13    XL:     3   Next: 69%
Magic:  3/3        EV: 11    Int: 12    God:
Gold:   87         SH:  3    Dex: 13    Spells: 2/2 levels left

rFire   . . .      SeeInvis .   j - +0 flail
rCold   . . .      Faith    .   m - +0 buckler
rNeg    . . .      Spirit   .   b - +0 leather armour
rPois   .          Reflect  .   (no helmet)
rElec   .          Harm     .   (no cloak)
rCorr   .          Rampage  .   (no gloves)
Will    .....                   (no boots)
Stlth   +.........              (no amulet)
HPRegen 0.09/turn               (no ring)
MPRegen 0.08/turn               (no ring)

@: brilliant, lethally poisoned (0 -> -5)
A: yellow scales 1, spiny 1
a: no special abilities


You were on level 2 of the Dungeon.
You visited 1 branch of the dungeon, and saw 2 of its levels.

You collected 87 gold pieces.

Inventory:

Hand Weapons
 j - a +0 flail (weapon)
Missiles
 l - 21 poisoned darts
Armour
 b - a +0 leather armour (worn)
 m - a +0 buckler (worn)
Wands
 c - a wand of flame (15) (quivered)
 d - a wand of charming (15)
Scrolls
 h - 2 scrolls of enchant armour {unknown}
 i - a scroll of identify {unknown}
 k - 2 scrolls of vulnerability {unknown}
Potions
 g - a potion of brilliance
Miscellaneous
 e - a piece from Xom's chessboard (15/15)


   Skills:
 + Level 2.0 Fighting
 + Level 2.3 Armour
 + Level 1.7 Dodging
 - Level 0.8 Stealth
 + Level 3.5 Evocations


You had 2 spell levels left.
You didn't know any spells.
Your spell library was empty.

Dungeon Overview and Level Annotations

Branches:
Dungeon (2/15)

Altars:
Elyvilon

Shops:
D:1 *   D:2 *


Innate Abilities, Weirdness & Mutations

You are partially covered in yellow scales. (AC +2)
You are partially covered in sharp spines.


Message History

You are poisoned.
The adder poisons you!
You miss the adder.
You feel sick. The adder is struck by your spines.
The adder closely misses you. The adder is struck by your spines.
The adder bites you.
You are more poisoned.
The adder poisons you!
You are too injured to fight recklessly!
You are too injured to fight recklessly!
You are too injured to fight recklessly!
You closely miss the adder.
The adder is lightly wounded.
You feel very sick. You block the adder's attack. The adder barely misses you.
You hit the adder.
The adder is heavily wounded.
You feel sick. The adder bites you.
* * * LOW HITPOINT WARNING * * *
You are lethally poisoned!
The adder poisons you! The adder is struck by your spines.
The adder bites you but does no damage.
You barely miss the adder.
The adder is almost dead.
* * * LOW HITPOINT WARNING * * *
You feel very sick. The adder is struck by your spines.
You kill the adder!
Your Fighting skill increases to level 2!
It was a potion of brilliance.
You feel clever all of a sudden.
* * * LOW HITPOINT WARNING * * *
You feel sick.
There is a lethal amount of poison in your body!
As you read the scroll labelled KIDEN MACETEH, it crumbles to dust.
The scroll dissolves into smoke.
It was a scroll of fog.
* * * LOW HITPOINT WARNING * * *
You feel sick.
As you read the scroll labelled HUHORGH PODGH, it crumbles to dust.
You feel aware of your surroundings.
It was a scroll of magic mapping.
You die...

*,,,,,,,,,,,,,,,,*****
**,,,,,,,,*****,*.#,,,*
,,,,,,,,,..,,,,,*.#,*,*
***,**,,,..######.#,*,*
,,,,,,,,,.........#,#,*
,**,**,*,.........#.#,*
,**,*,,,,.....§§§.#.#,*
,**,*,,**.###.§§§§#.#,*
,**,*,,,,......§@§§.#,*
,**,*,,,*.###..§§§§.#.#
,+,,*,,,,.......§§#.#.#
,**##.*,*.###.....#.#.#
,**..,,,*,,,#.....#.#.#
,##.#,*****,#.....#.#.#
,...#,*****,#.....#.#.#
#...#,,,,,,,#.....#.#.#########
#...#****####.#†..#...........#


There were no monsters in sight!

Vanquished Creatures
  2 adders (D:2)
  An adder skeleton (D:2)
  A ball python (D:1)
  An endoplasm (D:2)
  3 goblins
  7 hobgoblins (D:1)
  4 kobolds
  5 quokkas
  3 frilled lizards
  4 rats
31 creatures vanquished.

Notes
Turn   | Place    | Note
-------+----------+-------------------------------------------
     0 | D:1      | siradein the Demonspawn Artificer began the quest for the
                  | Orb.
     0 | D:1      | Reached XP level 1. HP: 15/15 MP: 1/1
    32 | D:1      | Reached skill level 1 in Dodging
   200 | D:1      | Gained mutation: You are partially covered in sharp spines.
                  | [demonic ancestry]
   200 | D:1      | Reached XP level 2. HP: 19/21 MP: 2/2
   711 | D:1      | Found Fomea's General Store.
  1130 | D:2      | Gained mutation: You are partially covered in yellow
                  | scales. (AC +2) [demonic ancestry]
  1130 | D:2      | Reached XP level 3. HP: 27/27 MP: 3/3
  1145 | D:2      | Found Dievawih's General Store.
  1607 | D:2      | HP: 1/27 [poisoned by an adder]
  1608 | D:2      | Succumbed to an adder's poison

Illustrated notes

Levels and vault maps discovered:
D:1:      lemuel_arrival_hallway, layout_loops_ring, serial_shops, shop
D:2:      layout_basic, serial_shops, nicolae_shop_window_shopping, basic_altar

Skill      XL: |  1  2  3 |
---------------+----------+-----
Dodging        | 1 |  1.7
Armour         | 2 |  2.3
Fighting       | 2 |  2.0
Stealth        | |  0.8
Evocations     | |  3.5

Action                   || total
-------------------------++-------
Melee: Club              ||    16
       Short sword       ||    13
       Flail             ||    49
  Use: Scroll            ||     2
       Potion            ||     1
Armor: Leather armour    ||    15
Dodge: Dodged            ||    45
Block: Buckler           ||     2

Table legend: (Time is in decaauts)
 A = Elapsed time spent in this place.
 B = Non-inter-level travel time spent in this place.
 C = Inter-level travel time spent in this place.
 D = Time resting spent in this place.
 E = Time spent auto-exploring this place.
 F = Levels seen in this place.
 G = Mean time per level.
                   A        B        C        D        E       F      G
               +--------+--------+--------+--------+--------+-----+--------+
         Total |   1633 |   1601 |     32 |      0 |   1339 |   2 |  816.5 |
       Dungeon |   1633 |   1601 |     32 |      0 |   1339 |   2 |  816.5 |
               +--------+--------+--------+--------+--------+-----+--------+

Top non-repeatable levels by time:
     D:1: 951 daAuts
     D:2: 681 daAuts
